Map: 2000 Atmospheres LE

Players

uThermal

  • Race: Terran Terran

Vanya - Winner!

  • Race: Zerg Zerg

Event: DreamHack SC2 Masters 2021 Winter

VOD

Have the link to the VOD?

Description

Time

  • Played on: Oct. 13, 2021, 2:06 p.m.
  • Length: 16:37

All games in this series

Show
View Real Time Build Order
Export as new Build Order

uThermal Terran 

Build Orders: Reaper Expand, Hellion Banshee 

Get SALT Encoding   

  12  0:00  SCV  
  13  0:12  SCV  
  14  0:17  Supply Depot  
  14  0:24  SCV  
  15  0:38  SCV  
  15  0:39  Barracks  
  16  0:43  Refinery  
  16  0:51  SCV  
  17  1:03  SCV  
  18  1:15  SCV  
  19  1:26  Reaper  
  19  1:27  Orbital Command  
  20  1:38  Command Center  
  20  1:46  Supply Depot  
  20  1:52  SCV  
  21  1:58  Marine  
  22  2:04  SCV  
  22  2:07  Factory  
  23  2:17  SCV  
  23  2:20  Barracks Reactor  
  24  2:29  SCV  
  25  2:40  Command Center  
  25  2:46  SCV  
  26  2:51  Orbital Command  
  26  2:58  SCV  
  26  3:01  Starport  
  27  3:06  Refinery  
  27  3:10  SCV  
  28  3:13  Hellion  
  28  3:16  Hellion  
  28  3:18  SCV  
  33  3:22  SCV  
  33  3:23  Barracks Tech Lab  
  34  3:30  SCV  
  35  3:34  SCV  
  35  3:37  Hellion x2  
  40  3:43  SCV  
  40  3:47  Banshee, SCV  
  45  3:55  SCV, Orbital Command  
  45  3:58  Hellion  
  45  3:59  Hellion  
  45  4:00  SCV  
  45  4:02  Cloaking Field  
  50  4:09  Supply Depot, SCV  
  51  4:11  Barracks Tech Lab  
  51  4:13  SCV  
  52  4:21  SCV  
  52  4:22  SCV  
  54  4:25  SCV  
  54  4:28  Factory Reactor  
  54  4:31  Banshee  
  55  4:33  SCV  
  55  4:34  SCV, Barracks x2  
  55  4:35  Marine  
  61  4:40  SCV  
  61  4:42  Supply Depot  
  61  4:45  Stimpack  
  62  4:48  Orbital Command  
  62  4:49  SCV  
  62  4:52  SCV, Marine  
  64  4:58  Engineering Bay  
  64  4:59  Refinery, Engineering Bay  
  65  5:01  SCV  
  65  5:02  Supply Depot  
  65  5:04  SCV  
  67  5:10  Marine  
  67  5:13  SCV  
  69  5:14  Barracks  
  69  5:15  SCV, Factory Reactor  
  69  5:16  SCV, Barracks  
  71  5:22  Marine x2  
  71  5:25  Refinery  
  71  5:26  SCV  
  74  5:28  Marine x3  
  74  5:29  Supply Depot  
  74  5:30  Terran Infantry Weapons Level 1  
  74  5:31  Terran Infantry Armor Level 1  
  77  5:36  SCV  
  77  5:37  Supply Depot, SCV  
  77  5:42  Starport Reactor  
  79  5:43  SCV  
  79  5:48  SCV  
  79  5:49  SCV, Marine x2  
  83  5:52  Supply Depot, Marine x2  
  83  5:55  SCV  
  87  5:59  Widow Mine  
  87  6:00  Widow Mine  
  87  6:02  SCV  
  93  6:07  Marine  
  93  6:10  Marine  
  96  6:11  Supply Depot  
  96  6:12  Barracks Reactor x2  
  96  6:13  Supply Depot, SCV  
  96  6:14  SCV, Marine  
  96  6:15  Marine  
  98  6:18  SCV  
  98  6:20  Widow Mine, Marine  
  98  6:21  Medivac  
  98  6:24  Medivac  
  106  6:26  Marine  
  106  6:27  SCV  
  106  6:28  Marine  
  106  6:29  Bunker, Combat Shield  
  109  6:33  Widow Mine, Refinery, Marine x2, Supply Depot  
  109  6:34  SCV  
  109  6:38  Marine  
  115  6:40  Supply Depot  
  115  6:42  Missile Turret  
  115  6:43  Missile Turret  
  115  6:44  Missile Turret  
  115  6:46  Marine x2  
  117  6:47  SCV  
  117  6:50  SCV x2  
  117  6:51  Medivac  
  122  6:56  Marine  
  122  6:57  Marine  
  122  6:58  Armory  
  122  6:59  Factory  
  122  7:00  SCV  
  125  7:03  Marine x3  
  125  7:04  Marine  
  129  7:09  SCV  
  129  7:12  Marine x2  
  129  7:13  Widow Mine  
  129  7:14  Widow Mine  
  136  7:16  Marine  
  136  7:17  Supply Depot  
  136  7:20  Supply Depot  
  136  7:21  Supply Depot, Medivac  
  139  7:24  Marine x2  
  139  7:27  Marine x2  
  139  7:29  SCV, Marine  
  140  7:30  Supply Depot  
  140  7:38  Supply Depot, Marine  
  140  7:39  Widow Mine  
  140  7:41  Supply Depot, Medivac  
  145  7:44  Marine x2  
  144  7:53  Widow Mine  
  144  7:57  Marine x2  
  146  7:59  Marine  
  146  8:00  Marine  
  146  8:03  Widow Mine x2, Drilling Claws  
  146  8:04  Terran Infantry Weapons Level 2, Terran Infantry Armor Level 2  
  152  8:10  Marine x2  
  154  8:13  Marine  
  154  8:14  Widow Mine  
  154  8:16  Medivac x2, Marine  
  154  8:17  Marine x3  
  154  8:18  Marine  
  154  8:19  Marine  
  164  8:24  Widow Mine x2, Supply Depot  
  164  8:25  Supply Depot  
  168  8:28  Marine x2  
  168  8:31  Marine  
  171  8:34  Marine x2  
  171  8:38  Marine x4  
  174  8:46  Medivac, Marine  
  153  8:48  Medivac, Marine  
  153  8:49  Marine  
  153  8:52  Marine x2  
  153  8:53  Widow Mine  
  139  8:56  Marine x4  
  139  8:57  Thor  
  147  9:03  Marine  
  147  9:06  Marine  
  147  9:07  Widow Mine, Marine  
  152  9:10  Command Center, Marine x2  
  152  9:13  Sensor Tower  
  152  9:14  Marine  
  155  9:18  Widow Mine, Marine x2  
  155  9:19  Marauder, Concussive Shells  
  155  9:21  Marine  
  162  9:24  Marine x2  
  162  9:28  Marine  
  162  9:30  Widow Mine  
  165  9:33  Medivac, Marine  
  168  9:40  Marauder  
  168  9:43  Thor  
  176  9:51  Medivac  
  163  9:57  Widow Mine, Marine x2  
  163  9:58  Marine x4  
  163  9:59  Marine x2  
  150  10:02  Marauder, Missile Turret  
  150  10:05  Widow Mine, Missile Turret x2  
  150  10:07  Missile Turret  
  152  10:10  Missile Turret  
  150  10:15  Marine  
  150  10:18  Marine, Barracks  
  150  10:19  Barracks  
  151  10:21  Barracks  
  151  10:23  Marauder  
  151  10:27  SCV  
  151  10:28  Thor  
  154  10:29  Widow Mine x2  
  165  10:35  SCV x2  
  165  10:39  SCV, Marine  
  166  10:44  Marauder  
  166  10:45  Marine x2  
  166  10:46  Missile Turret  
  166  10:48  Marine  
  159  10:50  Missile Turret  
  159  10:51  Marine  
  159  10:52  Planetary Fortress  
  159  10:54  SCV  
  159  10:55  SCV x2  
  167  11:04  Widow Mine x2, Marine x2  
  167  11:06  Marauder, SCV  
  167  11:10  Barracks Tech Lab x3  
  170  11:12  Widow Mine  
  170  11:14  Marine x3  
  175  11:19  Marine x2  
  177  11:27  Marauder  
  176  11:33  Thor  
  176  11:34  Marine  
  176  11:35  Widow Mine  
  176  11:37  Marauder x2  
  189  11:44  Marauder, Marine x2  
  189  11:47  Terran Infantry Weapons Level 3  
  193  11:49  Marine x2  
  193  11:53  Marauder, Marine x2  
  190  11:56  Marine  
  190  11:58  Marauder, Missile Turret  
  193  12:02  Refinery x2  
  193  12:15  Command Center  
  193  12:16  Thor  
  193  12:19  Missile Turret  
  199  12:27  Medivac x2, Orbital Command  
  183  12:33  Marauder x2, Marine x2  
  183  12:36  Marine  
  183  12:37  Marauder, Marine  
  186  12:56  Widow Mine  
  186  12:57  Medivac x2  
  189  12:59  Supply Depot, Thor  
  189  13:00  Missile Turret  
  189  13:01  Bunker, Marine  
  196  13:06  Marine  
  196  13:07  Missile Turret  
  196  13:08  Widow Mine  
  195  13:27  Medivac x2  
  199  13:38  Missile Turret  
  185  13:52  Planetary Fortress  
  185  13:53  Thor  
  185  13:54  Widow Mine x2, Marine  
  185  13:55  Marauder  
  179  13:57  Marauder, Marine x2  
  180  14:04  SCV x2  
  180  14:08  Medivac  
  184  14:12  Missile Turret  
  184  14:15  Missile Turret  
  178  14:25  Marine  
  178  14:26  Marauder, Widow Mine x2  
  178  14:31  Missile Turret  
  178  14:35  Marine x2  
  178  14:36  Marauder, Thor  
  178  14:38  Marine x2  
  188  14:39  Marauder  
  188  14:44  Marine x3  
  188  14:45  Marauder, Command Center  
  175  14:46  Command Center  
  175  14:47  Widow Mine  
  175  14:50  Neosteel Armor  
  175  14:51  Marine  
  175  14:52  Marauder  
  180  14:53  Marine  
  180  14:55  Widow Mine  
  180  14:57  Marauder  
  180  14:59  Marine  
  184  15:00  Marauder  
  184  15:04  Marine  
  184  15:05  Marine  
  184  15:06  Marauder  
  163  15:08  Medivac x2  
  163  15:11  Marine x2  
  163  15:13  Marauder  
  164  15:17  Marine x2  
  164  15:19  Marauder, Thor  
  172  15:21  Sensor Tower, Marine  
  172  15:25  Widow Mine  
  172  15:27  Widow Mine  
  177  15:30  Marine x2  
  179  15:40  Marauder, Marine x2  
  179  15:41  Marauder  
  179  15:42  Marine  
  163  15:46  Widow Mine  
  163  15:47  Marine  
  163  15:48  Marauder  
  163  15:49  Marine  
  167  15:51  Marine x2  
  167  15:55  Medivac  
  171  15:58  Medivac  
  173  16:17  Marine x2  
Show
View Real Time Build Order
Export as new Build Order

Vanya Zerg - Winner!

Build Orders: Hatch First 

Get SALT Encoding   

  12  0:00  Drone  
  13  0:11  Overlord  
  13  0:16  Drone  
  14  0:30  Drone x2  
  16  0:47  Hatchery  
  15  0:50  Drone  
  15  0:54  Drone  
  17  0:57  Drone  
  18  1:08  Extractor  
  17  1:12  Spawning Pool  
  17  1:15  Drone  
  17  1:18  Drone  
  18  1:27  Drone  
  19  1:38  Drone  
  20  1:48  Drone  
  21  1:59  Zergling x2, Queen x2  
  21  2:00  Zergling x2  
  27  2:12  Overlord  
  27  2:14  Drone  
  28  2:21  Hatchery  
  27  2:24  Drone  
  27  2:28  Metabolic Boost  
  28  2:32  Drone  
  30  2:37  Drone  
  30  2:38  Drone  
  30  2:44  Queen  
  30  2:48  Overlord  
  32  2:51  Drone  
  32  2:54  Drone  
  32  2:55  Drone  
  35  3:09  Drone x2  
  35  3:10  Drone x2  
  35  3:12  Overlord  
  39  3:15  Drone  
  39  3:16  Queen  
  39  3:19  Drone  
  43  3:28  Overlord  
  43  3:30  Queen  
  43  3:34  Zergling x2, Queen  
  46  3:37  Drone  
  46  3:38  Drone  
  50  3:44  Overlord  
  50  3:45  Drone x2  
  50  3:46  Drone  
  53  3:52  Drone  
  53  3:55  Overlord  
  54  3:56  Drone x3  
  54  4:00  Drone  
  54  4:01  Drone  
  59  4:06  Queen  
  61  4:10  Drone  
  61  4:11  Drone x2  
  61  4:16  Zergling x4  
  66  4:24  Evolution Chamber  
  66  4:26  Evolution Chamber  
  66  4:27  Zergling x6, Evolution Chamber  
  66  4:30  Extractor  
  66  4:32  Drone x3  
  66  4:35  Overlord  
  66  4:37  Drone x3  
  72  4:39  Drone  
  73  4:46  Overlord  
  73  4:47  Drone  
  73  4:48  Drone x4  
  73  4:51  Zerg Melee Weapons Level 1  
  78  4:54  Zerg Ground Armor Level 1  
  78  4:58  Spore Crawler  
  78  4:59  Drone, Spore Crawler  
  77  5:00  Drone x2, Spore Crawler  
  78  5:09  Baneling Nest  
  78  5:10  Drone  
  78  5:12  Hatchery  
  77  5:17  Extractor x2  
  77  5:18  Lair  
  77  5:20  Zergling x6  
  77  5:21  Zergling x2, Extractor  
  78  5:22  Drone x2  
  78  5:24  Drone x2  
  82  5:29  Drone x2  
  82  5:30  Drone x3  
  82  5:34  Extractor  
  86  5:42  Drone x6  
  92  5:49  Overlord  
  92  5:50  Zergling x2  
  92  5:51  Zergling x8  
  97  5:57  Baneling x2  
  97  5:58  Baneling x3  
  97  5:59  Overlord  
  95  6:09  Drone x3  
  95  6:10  Drone x2  
  97  6:15  Drone x6  
  103  6:19  Drone  
  103  6:21  Overseer  
  103  6:22  Spire  
  103  6:23  Spore Crawler  
  103  6:24  Drone  
  99  6:27  Drone  
  99  6:31  Drone x2, Overlord  
  99  6:32  Zergling x6  
  105  6:38  Overlord  
  105  6:40  Drone x2  
  105  6:46  Drone x2  
  105  6:47  Zerg Melee Weapons Level 2  
  109  6:52  Zergling x12  
  115  6:57  Drone x4  
  115  7:01  Overlord  
  119  7:05  Zergling x2  
  119  7:06  Zergling x6  
  119  7:08  Overlord  
  123  7:12  Extractor, Overlord x2  
  123  7:13  Baneling x7  
  123  7:14  Baneling x5  
  122  7:16  Centrifugal Hooks  
  122  7:20  Overlord  
  122  7:23  Zergling x2  
  122  7:24  Zergling x14  
  122  7:27  Drone x3  
  129  7:31  Zerg Ground Armor Level 2  
  129  7:33  Overlord  
  129  7:37  Mutalisk x5  
  129  7:41  Zerg Flyer Weapons Level 1  
  129  7:43  Extractor  
  138  7:44  Zergling x2  
  138  7:45  Zergling x14  
  142  7:57  Mutalisk x4  
  143  7:59  Zergling x8  
  146  8:05  Overlord  
  146  8:11  Mutalisk x2  
  148  8:13  Drone x2, Overseer  
  148  8:16  Drone x2  
  152  8:20  Zergling x16  
  152  8:23  Pneumatized Carapace  
  152  8:26  Overseer  
  160  8:30  Mutalisk x3  
  165  8:40  Overlord  
  161  8:43  Hatchery  
  161  8:45  Mutalisk x2, Overlord  
  161  8:48  Extractor  
  139  8:49  Zergling x18  
  139  8:54  Zergling x2  
  132  8:56  Mutalisk  
  132  8:57  Mutalisk  
  132  9:00  Zergling x6  
  139  9:03  Baneling x6  
  139  9:04  Baneling  
  139  9:07  Zergling x12  
  145  9:11  Zergling x2  
  146  9:17  Mutalisk x2  
  146  9:19  Zergling x2  
  146  9:20  Baneling x4  
  146  9:24  Zergling x12  
  157  9:27  Drone  
  158  9:33  Baneling  
  158  9:34  Baneling x7  
  158  9:36  Drone x3  
  158  9:38  Infestation Pit, Overlord  
  161  9:39  Zergling x4  
  161  9:40  Zergling x6  
  161  9:42  Baneling x4  
  161  9:44  Overlord  
  166  9:51  Zergling x6  
  146  9:55  Zergling x8  
  146  9:57  Zergling x2  
  147  10:04  Mutalisk x4  
  147  10:06  Zergling x14  
  157  10:09  Hatchery  
  157  10:11  Zerg Flyer Weapons Level 2  
  157  10:12  Baneling  
  157  10:13  Baneling  
  156  10:14  Drone x2  
  156  10:15  Drone  
  156  10:19  Overlord  
  156  10:21  Drone x4  
  161  10:22  Hive  
  161  10:23  Baneling x2  
  161  10:24  Baneling x2  
  163  10:31  Zergling x18  
  158  10:43  Zergling x12  
  160  10:50  Baneling x18  
  160  10:58  Zergling x16  
  160  11:02  Baneling x8  
  168  11:07  Hatchery  
  168  11:09  Zergling x16  
  175  11:15  Mutalisk x3  
  181  11:21  Mutalisk x3  
  187  11:30  Zergling x16  
  187  11:31  Zergling x2  
  194  11:37  Adrenal Glands  
  194  11:41  Zergling x12  
  197  11:50  Hatchery  
  197  11:51  Zerg Melee Weapons Level 3  
  194  11:55  Drone x2  
  196  12:01  Zerg Ground Armor Level 3  
  196  12:02  Hatchery  
  196  12:04  Drone x2  
  196  12:05  Baneling x3  
  195  12:09  Baneling x6  
  193  12:17  Zergling x12  
  190  12:26  Zergling x22  
  184  12:32  Zergling x10  
  184  12:35  Zergling x6  
  189  12:41  Zergling x8  
  189  12:46  Zergling x12  
  185  12:51  Mutalisk x3  
  185  12:56  Baneling  
  185  12:57  Baneling x7  
  187  13:09  Zergling x16  
  187  13:10  Zergling x6  
  198  13:16  Baneling x12  
  198  13:20  Baneling  
  198  13:21  Baneling x7  
  198  13:24  Drone  
  199  13:29  Zerg Flyer Weapons Level 3  
  199  13:31  Drone  
  197  13:38  Baneling x2  
  197  13:39  Baneling x7  
  178  13:50  Zergling x2  
  178  13:51  Zergling x30  
  176  13:57  Zergling x24  
  176  14:00  Baneling x6  
  188  14:04  Baneling x9  
  188  14:08  Zergling x12  
  194  14:19  Zergling x2  
  194  14:20  Zergling x8  
  188  14:26  Zergling x28  
  197  14:33  Ultralisk Cavern  
  197  14:35  Zergling x2  
  197  14:36  Zergling x8  
  193  14:46  Zergling x14  
  193  14:48  Baneling  
  193  14:49  Baneling x5  
  200  14:53  Baneling x9  
  198  15:05  Overseer x4  
  177  15:08  Zergling x36  
  177  15:11  Zergling x8  
  189  15:18  Baneling x18  
  189  15:24  Mutalisk x3  
  167  15:45  Ultralisk x3  
  183  15:50  Baneling x2  
  183  15:55  Mutalisk  
  183  15:56  Mutalisk x4  
  193  16:06  Zergling x14  
  193  16:09  Baneling x15  
  199  16:17  Hatchery  

Tags
 
Add a new tag
Caveats
  • Supply blocks, unpowered buildings, or Contaminate may cause inaccurate times.
  • Supply counts are checked every 10 seconds.